 Dungeon Crawl Stone Soup version 0.17.0-28-g6e173f8 (webtiles) character file.

171 4thArraOfDagon the Chopper (level 5, -3/70 HPs)
             Began as a Minotaur Berserker on Nov 24, 2015.
             Was a Believer of Trog.
             Slain by 4thArraOfDagon's ghost (12 damage)
             ... on level 6 of the Dungeon.
             The game lasted 00:02:58 (368 turns).

4thArraOfDagon the Chopper (Minotaur Berserker)      Turns: 368, Time: 00:02:58

Health: -3/70      AC:  2    Str: 27    XL:     5   Next: 26%
Magic:  4/4        EV: 12    Int:  5    God:    Trog [**....]
Gold:   44         SH:  0    Dex:  9    Spells: 0 memorised, 4 levels left

rFire  + . .     SeeInvis .     a - +0 hand axe
rCold  x . .     Clarity  .     b - +0 animal skin
rNeg   . . .     SustAt   .     (no shield)
rPois  .         Gourm    .     (helmet restricted)
rElec  .         Spirit   .     (no cloak)
rCorr  .         Warding  .     (no gloves)
rMut   .         Stasis   .     (no boots)
MR     ++...                    (no amulet)
Stlth  ..........               (no ring)
                                h - ring of fire

@: berserking (expiring), lethally poisoned (-3 -> -3), regenerating, very
quick, very resistant to hostile enchantments, extremely unstealthy
A: retaliatory headbutt, horns 2
a: Berserk, Trog's Hand, Burn Spellbooks, Renounce Religion


You were on level 6 of the Dungeon.
You worshipped Trog.
Trog was pleased with you.
You were not hungry.

You visited 1 branch of the dungeon, and saw 5 of its levels.

You collected 44 gold pieces.

Inventory:

Hand Weapons
 a - a +0 hand axe (weapon)
Armour
 b - a +0 animal skin (worn)
Jewellery
 h - a ring of fire (left hand)
Scrolls
 f - a scroll of teleportation {unknown}
 g - a scroll of immolation {unknown}
 k - a scroll of blinking {unknown}
 l - a scroll of recharging {unknown}
 n - a scroll of magic mapping {unknown}
Potions
 d - a potion of curing {unknown}
 e - a potion of heal wounds {unknown}
Comestibles
 c - a bread ration
 i - 2 meat rations
 j - 2 fruits
 m - 2 chunks of flesh


   Skills:
 + Level 4.7 Fighting
 * Level 5.6 Axes
 + Level 4.1 Armour
 - Level 2.1 Dodging


You had 4 spell levels left.
You didn't know any spells.

Dungeon Overview and Level Annotations

Branches:
Dungeon (6/15)             Temple (0/1) D:5

Altars:
Cheibriados
Nemelex Xobeh
Yredelemnul

Annotations:
D:6 4thArraOfDagon's ghost, amateur MiBe


Innate Abilities, Weirdness & Mutations

You reflexively headbutt those who attack you in melee.
You have a pair of horns on your head.


Message History

4thArraOfDagon's ghost is heavily damaged.
Unknown command.
You closely miss 4thArraOfDagon's ghost. 4thArraOfDagon's ghost is heavily damaged. 4thArraOfDagon's ghost barely misses you.
You furiously retaliate!
You headbutt 4thArraOfDagon's ghost!
Unknown command.
You closely miss 4thArraOfDagon's ghost. 4thArraOfDagon's ghost is severely damaged. 4thArraOfDagon's ghost hits you.
* * * LOW HITPOINT WARNING * * *
Unknown command.
Unknown command.
You hit 4thArraOfDagon's ghost.
Your headbutt misses 4thArraOfDagon's ghost. 4thArraOfDagon's ghost is almost destroyed.
You feel sick. 4thArraOfDagon's ghost says, "I'll split you in two!" 4thArraOfDagon's ghost hits you!
You die...

...<... .. .......
.. ..(.... .#
.......####.#
....... ./..#
....... #... .
#.....##.#######..
#...W@.........
###(.#.†....(....
#.................
#..######....####
>. #.##....# #
#....##.#######
#....##..<....#
#....########....
#....# .


You could see 4thArraOfDagon's ghost.

Vanquished Creatures
  A vampire bat (D:3)
  A crimson imp (D:5)
  An orc wizard (D:3)
  A worker ant (D:6)
  An ooze (D:5)
  3 giant geckos
  3 orcs (D:3)
  9 bats
  3 bat skeletons (D:3)
  A giant cockroach (D:1)
  3 goblins
  A hobgoblin (D:1)
  2 kobolds (D:2)
  A ball python (D:2)
  2 giant newts
  5 rats
38 creatures vanquished.

Notes
Turn   | Place    | Note
--------------------------------------------------------------
     0 | D:1      | 4thArraOfDagon the Minotaur Berserker began the quest for the Orb.
     0 | D:1      | Reached XP level 1. HP: 19/19 MP: 0/0
    87 | D:1      | Reached XP level 2. HP: 22/27 MP: 1/1
   152 | D:2      | Reached skill level 4 in Axes
   167 | D:2      | Reached ** piety under Trog
   229 | D:3      | Found a snail-covered altar of Cheibriados.
   229 | D:3      | Found a basalt altar of Yredelemnul.
   235 | D:3      | Reached XP level 3. HP: 33/33 MP: 2/2
   274 | D:3      | Reached XP level 4. HP: 38/40 MP: 3/3
   275 | D:3      | Noticed a vampire bat
   278 | D:3      | Killed a vampire bat
   278 | D:3      | Reached skill level 5 in Axes
   283 | D:3      | You fall through a shaft for 2 floors!
   283 | D:5      | Entered Level 5 of the Dungeon
   283 | D:5      | Found a sparkling altar of Nemelex Xobeh.
   314 | D:5      | Reached XP level 5. HP: 40/47 MP: 4/4
   315 | D:5      | Found a staircase to the Ecumenical Temple.
   353 | D:6      | Noticed 4thArraOfDagon's ghost (amateur MiBe)
   368 | D:6      | Slain by 4thArraOfDagon's ghost

Action                   |  1- 3 |  4- 6 || total
-------------------------+-------+-------++-------
Melee: Hand axe          |    37 |    29 ||    66
Invok: Berserk           |     1 |     1 ||     2
       Trog's Hand       |     1 |     1 ||     2
